[Event "Titled Tuesday Blitz December 13 Late 2022"]
[White "Hamedi Nia, Vesal"]
[Black "Mitrovic, Darko R"]
[WhiteFideId "12542253"]
[BlackFideId "927023"]
[WhiteElo "1844"]
[BlackElo "2150"]
[Result "1-0"]
[Round "02"]
[TimeControl "180+1"]
[Date "2022.12.14"]
[WhiteClock "0:01:34"]
[BlackClock "0:00:03"]

1. d4 Nf6 2. c4 a6 3. Nc3 b5 4. cxb5 axb5 5. Nxb5 e5 6. dxe5 Ne4 7. Nc3 Bb4 8. Qc2 Bb7 9. Nf3 O-O 10. e3 Qe7 11. Bd3 f5 12. exf6 Rxf6 13. Qb3+ Kh8 14. O-O Rxf3 15. Nxe4 Rf8 16. Ng3 Nc6 17. Qd5 Rab8 18. Qh5 g6 19. Bxg6 Ne5 20. Bc2 1-0


[Site "https://www.chess.com"]

[Event "Titled Tuesday Blitz December 13 Late 2022"]
[White "Hamley, Ryan"]
[Black "Kozak, Adam"]
[WhiteFideId "30959497"]
[BlackFideId "753246"]
[WhiteElo "2606"]
[BlackElo "2460"]
[Result "0-1"]
[Round "02"]
[TimeControl "180+1"]
[Date "2022.12.13"]
[WhiteClock "0:00:20"]
[BlackClock "0:01:58"]

1. d4 Nf6 2. Nf3 g6 3. Nbd2 d5 4. b4 Bg7 5. e3 O-O 6. c4 c6 7. Be2 Bf5 8. Bb2 Ne4 9. O-O Nxd2 10. Nxd2 Nd7 11. Bf3 Be6 12. cxd5 Bxd5 13. e4 Be6 14. Qc2 Nb6 15. Rfd1 Qd6 16. a3 Rfd8 17. Nf1 Bc4 18. Ne3 Ba6 19. Rd2 e5 20. d5 cxd5 21. Nxd5 Rac8 22. Qd1 Nc4 23. Rc2 b5 24. a4 Bb7 25. axb5 Bxd5 26. exd5 Nxb2 27. Rxb2 e4 28. Ra6 Qxd5 29. Qxd5 Rc1+ 0-1


[Site "https://www.chess.com"]

[Event "Titled Tuesday Blitz December 13 Late 2022"]
[White "Han, Yichen"]
[Black "Kanyamarala, Tarun"]
[WhiteFideId "1054430"]
[BlackFideId "45004714"]
[WhiteElo "2323"]
[BlackElo "2305"]
[Result "0-1"]
[Round "02"]
[TimeControl "180+1"]
[Date "2022.12.14"]
[WhiteClock "0:00:03"]
[BlackClock "0:00:05"]

1. b3 e5 2. Bb2 Nc6 3. e3 Nf6 4. Bb5 e4 5. Ne2 a6 6. Bxc6 dxc6 7. h3 Bd6 8. Na3 b5 9. c4 O-O 10. Nc2 c5 11. cxb5 axb5 12. O-O Nd7 13. Nf4 Ne5 14. Qh5 Ng6 15. Nxg6 hxg6 16. Qe2 Qg5 17. Kh1 Qh6 18. f4 exf3 19. Qxf3 Rb8 20. d4 Bb7 21. d5 Rbe8 22. Rae1 f5 23. Na3 Re4 24. Nxb5 Bxd5 25. Nc3 Ba8 26. Qe2 Rg4 27. e4 Rxe4 28. Nxe4 Bxe4 29. Qc4+ Kh7 30. Qc3 Re8 31. Kg1 c4 32. b4 Be5 33. Qc1 Bxb2 34. Qxb2 Rd8 35. Qc3 Rd2 36. Rf2 Rd3 37. Qc1 Qh4 38. Qf4 Qe7 39. Re3 Rd1+ 40. Kh2 Rd4 41. Qg3 Qxb4 42. Rf4 Qe7 43. Rh4+ Kg8 44. Rf4 Qd6 45. Rf2 Rd3 46. Qxd6 cxd6 47. Ree2 c3 48. a4 Rd4 49. Ra2 Rb4 50. a5 Rb8 51. a6 d5 52. a7 Ra8 53. Ra6 d4 54. Rfa2 d3 55. Rb6 c2 56. Rb8+ Kh7 57. Ra1 d2 58. Rc8 d1=Q 59. Rxd1 cxd1=Q 60. Rc3 Qd6+ 61. Rg3 Rxa7 62. h4 Ra3 63. h5 Qxg3+ 0-1


[Site "https://www.chess.com"]

[Event "Titled Tuesday Blitz December 13 Late 2022"]
[White "Harshavardhan G B"]
[Black "Przybylski, Wojciech"]
[WhiteFideId "25059009"]
[BlackFideId "1117599"]
[WhiteElo "2323"]
[BlackElo "2217"]
[Result "0-1"]
[Round "02"]
[TimeControl "180+1"]
[Date "2022.12.14"]
[WhiteClock "0:00:03"]
[BlackClock "0:00:29"]

1. d4 Nf6 2. c4 e6 3. Nf3 b6 4. g3 Bb7 5. Bg2 Be7 6. O-O O-O 7. Re1 d5 8. Ne5 Nbd7 9. Nc3 c6 10. e4 Bb4 11. Bg5 Be7 12. Nxd7 Qxd7 13. cxd5 cxd5 14. e5 Ne8 15. Bxe7 Qxe7 16. f4 Nc7 17. Rc1 Rac8 18. Qh5 g6 19. Qh6 Ba6 20. g4 f5 21. g5 Qb4 22. Rcd1 Qxb2 23. Qh3 Nb5 24. Nxd5 exd5 25. Bxd5+ Kh8 26. Qe3 Rc3 27. Qf2 Rc2 28. Qe3 Nc3 29. e6 Nxd5 30. Qe5+ Nf6 31. Qxf6+ Rxf6 32. e7 Rg2+ 0-1


[Site "https://www.chess.com"]

[Event "Titled Tuesday Blitz December 13 Late 2022"]
[White "Hoffmann, Asa"]
[Black "Nasuta, Grzegorz"]
[WhiteFideId "2001470"]
[BlackFideId "1141686"]
[WhiteElo "2117"]
[BlackElo "2441"]
[Result "0-1"]
[Round "02"]
[TimeControl "180+1"]
[Date "2022.12.14"]
[WhiteClock "0:00:05"]
[BlackClock "0:00:01"]

1. d4 d5 2. Bg5 f6 3. Bf4 Nc6 4. Nf3 Bg4 5. Nbd2 e6 6. Bg3 Bd6 7. e3 Nge7 8. c4 Bxg3 9. hxg3 Qd7 10. Qa4 O-O 11. Be2 Rad8 12. cxd5 exd5 13. Rc1 Nc8 14. a3 Nb6 15. Qc2 Bf5 16. Bd3 Bxd3 17. Qxd3 g6 18. Nb3 Ne7 19. Nc5 Qc8 20. O-O c6 21. b4 Nc4 22. e4 b6 23. Nb3 Qd7 24. a4 Nd6 25. e5 Nc4 26. Rfe1 Nf5 27. g4 Ne7 28. Re2 Rde8 29. Rce1 Nc8 30. exf6 Rxe2 31. Qxe2 Rxf6 32. Ne5 Nxe5 33. Qxe5 Rf7 34. f3 Re7 35. Qg3 Rxe1+ 36. Qxe1 Qe7 37. Qxe7 Nxe7 38. Kf2 Kf7 39. Ke3 Ke6 40. Nc1 Nc8 41. Nd3 Nd6 0-1


[Site "https://www.chess.com"]

[Event "Titled Tuesday Blitz December 13 Late 2022"]
[White "Holt, Conrad"]
[Black "Riff, Vincent"]
[WhiteFideId "2034387"]
[BlackFideId "617776"]
[WhiteElo "2592"]
[BlackElo "2369"]
[Result "1-0"]
[Round "02"]
[TimeControl "180+1"]
[Date "2022.12.13"]
[WhiteClock "0:01:31"]
[BlackClock "0:00:47"]

1. d4 Nf6 2. c4 c5 3. d5 e5 4. Nc3 d6 5. e4 Be7 6. Be2 Nbd7 7. h4 h6 8. Nf3 Nf8 9. h5 N8h7 10. Nh4 Nxh5 11. Bxh5 Bxh4 12. Bxf7+ Kxf7 13. Qh5+ g6 14. Qxh4 Qxh4 15. Rxh4 Bd7 16. Rxh6 Nf6 17. Ke2 Rxh6 18. Bxh6 Rh8 19. Bg5 Nh5 20. Ke3 Ng7 21. f3 Rh5 22. Bd8 Rh2 23. Kf2 Rh8 24. Bg5 Rh5 25. Be3 Rh8 26. a3 b6 27. a4 a5 28. Ra3 Ke7 29. Rb3 Rb8 30. Bg5+ Ke8 31. Nb5 Bxb5 32. Rxb5 Kd7 33. Rb3 Kc7 34. f4 exf4 35. Bxf4 Nh5 36. Bh2 Re8 37. Re3 Nf6 38. Kf3 g5 39. e5 g4+ 40. Ke2 Nh5 41. exd6+ Kd7 42. Rxe8 Kxe8 43. Be5 Kf7 44. Ke3 1-0


[Site "https://www.chess.com"]

[Event "Titled Tuesday Blitz December 13 Late 2022"]
[White "Itgelt, Khuyagtsogt"]
[Black "Brown, Andrew"]
[WhiteFideId "4902912"]
[BlackFideId "3206513"]
[WhiteElo "2227"]
[BlackElo "2245"]
[Result "0-1"]
[Round "02"]
[TimeControl "180+1"]
[Date "2022.12.14"]
[WhiteClock "0:00:05"]
[BlackClock "0:00:03"]

1. d4 d5 2. Nf3 Nf6 3. c4 e6 4. Nc3 Be7 5. Bg5 h6 6. Bh4 O-O 7. e3 a6 8. Qc2 Nbd7 9. Rc1 dxc4 10. a4 b5 11. axb5 axb5 12. Nxb5 Bb4+ 13. Nc3 Nb6 14. Ne5 Bb7 15. Nxc4 g5 16. Bg3 Nxc4 17. Bxc4 Bxg2 18. Rg1 Be4 19. Qe2 c5 20. dxc5 Qa5 21. h4 Bxc3+ 22. bxc3 Qa3 23. Qd2 Rfd8 24. Bd6 Bd5 25. hxg5 Ne4 26. gxh6+ Kh8 27. Qd4+ f6 28. Rd1 Qb2 29. Be2 Ra2 30. Qd3 Nxc3 31. Rd2 Qc1+ 32. Bd1 Be4 33. Qd4 e5 34. Bxe5 Rxd4 35. Bxf6+ Kh7 36. Rg7+ Kxh6 37. Rxd4 Re2+ 38. Kf1 Nxd1 39. Kg1 Nxe3+ 40. Kh2 Rxf2+ 41. Kg3 Qg1+ 42. Kh4 Rh2# 0-1


[Site "https://www.chess.com"]

[Event "Titled Tuesday Blitz December 13 Late 2022"]
[White "Jacobson, Brandon"]
[Black "Papp, Levente"]
[WhiteFideId "30901561"]
[BlackFideId "751243"]
[WhiteElo "2451"]
[BlackElo "2380"]
[Result "1-0"]
[Round "02"]
[TimeControl "180+1"]
[Date "2022.12.13"]
[WhiteClock "0:00:07"]
[BlackClock "0:00:01"]

1. d4 e6 2. c4 d5 3. Nc3 Bb4 4. a3 Bxc3+ 5. bxc3 Nf6 6. e3 O-O 7. cxd5 exd5 8. Bd3 Bg4 9. Ne2 c5 10. O-O Nc6 11. f3 Bh5 12. Ng3 Bg6 13. Ra2 Re8 14. Re2 Qa5 15. Bb2 Rad8 16. Kh1 Qc7 17. Qd2 Na5 18. e4 Nb3 19. Qd1 dxe4 20. Bb5 c4 21. Bxe8 Rxe8 22. Rfe1 Qf4 23. Bc1 Qh4 24. Kg1 Re6 25. d5 Rd6 26. fxe4 Ng4 27. Nf1 Rf6 28. g3 Qh3 29. Bg5 Rf3 30. d6 Bxe4 31. d7 h6 32. d8=Q+ Kh7 33. Qe7 Nc5 34. Qxc5 Ne3 35. Bxe3 Rf2 36. Rxf2 1-0


[Site "https://www.chess.com"]

[Event "Titled Tuesday Blitz December 13 Late 2022"]
[White "Jobava, Baadur"]
[Black "Adel, Sara"]
[WhiteFideId "13601520"]
[BlackFideId "10616764"]
[WhiteElo "2582"]
[BlackElo "1997"]
[Result "1-0"]
[Round "02"]
[TimeControl "180+1"]
[Date "2022.12.14"]
[WhiteClock "0:00:41"]
[BlackClock "0:00:04"]

1. b3 Nf6 2. Bb2 g6 3. Bxf6 exf6 4. c4 Bg7 5. Nc3 O-O 6. g3 Nc6 7. Bg2 d6 8. e3 f5 9. Nge2 Be6 10. d4 Ne7 11. Bxb7 Rb8 12. Bg2 c5 13. O-O Bd7 14. Rc1 Qa5 15. Qd2 Rfd8 16. Rfd1 Nc6 17. Nb5 Qxd2 18. Rxd2 Be8 19. Bxc6 Bxc6 20. Nxa7 Bf3 21. Nb5 Kf8 22. a4 g5 23. Nec3 f4 24. e4 cxd4 25. Nxd4 Bxd4 26. Rxd4 Rxb3 27. gxf4 gxf4 28. e5 Ke7 29. Rxf4 Rg8+ 30. Kf1 Bg2+ 31. Ke2 Rb2+ 32. Ke3 dxe5 33. Rh4 Rg7 34. f4 Ke6 35. fxe5 Kxe5 36. Kd3 f5 37. Re1+ Kf6 38. Rh6+ Kg5 39. Rd6 Rgb7 40. c5 Kf4 41. Rd4+ Kg5 42. h4+ Kf6 43. Rd6+ Kf7 44. Re5 Bf1+ 45. Ke3 Bh3 46. c6 R7b3 47. Rc5 Rc2 48. Kd3 Rc1 49. c7 Rd1+ 50. Kc2 Rxd6 51. c8=Q 1-0


[Site "https://www.chess.com"]

[Event "Titled Tuesday Blitz December 13 Late 2022"]
[White "Joubert, Dantelle"]
[Black "Kanyamarala, Trisha"]
[WhiteFideId "14310813"]
[BlackFideId "45004722"]
[WhiteElo "1507"]
[BlackElo "2135"]
[Result "0-1"]
[Round "02"]
[TimeControl "180+1"]
[Date "2022.12.14"]
[WhiteClock "0:00:01"]
[BlackClock "0:01:48"]

1. d4 d5 2. c4 e6 3. Nc3 Nf6 4. Nf3 c6 5. e3 Nbd7 6. Be2 dxc4 7. a4 Be7 8. O-O O-O 9. Bxc4 c5 10. Qe2 cxd4 11. exd4 Nb6 12. Bd3 Nbd5 13. Bg5 Nb4 14. Bc2 Nxc2 15. Qxc2 Bd7 16. Ne5 Rc8 17. Qe2 Bc6 18. Nxc6 Rxc6 19. Rfd1 Rd6 20. Nb5 Rd5 21. Be3 a6 22. Nc3 Rd7 23. d5 Nxd5 24. Nxd5 Rxd5 25. Rxd5 Qxd5 26. Rd1 Qb3 27. Rd7 Bf6 0-1


[Site "https://www.chess.com"]

[Event "Titled Tuesday Blitz December 13 Late 2022"]
[White "Jumanov, Elbek"]
[Black "Campelo, Leandro Fabricio"]
[WhiteFideId "14202905"]
[BlackFideId "2103346"]
[WhiteElo "2055"]
[BlackElo "2070"]
[Result "1-0"]
[Round "02"]
[TimeControl "180+1"]
[Date "2022.12.14"]
[WhiteClock "0:01:46"]
[BlackClock "0:00:16"]

1. c4 g6 2. Nf3 Bg7 3. Nc3 d6 4. g3 Nf6 5. Bg2 O-O 6. O-O e5 7. d3 Re8 8. Rb1 e4 9. Ne1 exd3 10. Nxd3 Nc6 11. b4 Rb8 12. Bb2 Be6 13. Nd5 Bxd5 14. cxd5 Ne7 15. e4 Nd7 16. Bxg7 Kxg7 17. f4 f6 18. Qc2 c6 19. dxc6 bxc6 20. Rfd1 Nf8 21. Kh1 Qb6 22. a3 Red8 23. Nb2 Ne6 24. Nc4 Qc7 25. Rd3 d5 26. Nd2 dxe4 27. Nxe4 Nf5 28. Rbd1 Rxd3 29. Rxd3 Rd8 30. Qd2 Rxd3 31. Qxd3 c5 32. Qc3 c4 33. Qxf6+ 1-0


[Site "https://www.chess.com"]

[Event "Titled Tuesday Blitz December 13 Late 2022"]
[White "Kamsky, Gata"]
[Black "Di Berardino, Diego Rafael"]
[WhiteFideId "2000024"]
[BlackFideId "2105446"]
[WhiteElo "2666"]
[BlackElo "2441"]
[Result "0-1"]
[Round "02"]
[TimeControl "180+1"]
[Date "2022.12.13"]
[WhiteClock "0:00:01"]
[BlackClock "0:00:03"]

1. d4 Nf6 2. Bf4 c5 3. e3 Nd5 4. Bg3 Qb6 5. b3 Qa5+ 6. Qd2 Qxd2+ 7. Kxd2 cxd4 8. exd4 g6 9. c4 Bh6+ 10. Kd1 Nf6 11. Nc3 Nc6 12. d5 Nd4 13. Bd3 d6 14. Nge2 Nf5 15. Bxf5 Bxf5 16. Nd4 Bd7 17. f3 Bg7 18. Bf2 a6 19. a4 O-O 20. Re1 Rfe8 21. Kc2 e5 22. dxe6 fxe6 23. Rad1 Rad8 24. a5 e5 25. Nde2 Bf5+ 26. Kb2 e4 27. fxe4 Nxe4 28. Bd4 Nc5 29. Bxg7 Kxg7 30. Nc1 Ne4 31. Nd5 Nf2 32. Ka3 Nxd1 33. Rxd1 Be4 34. Ne3 Re5 35. Kb4 d5 36. Rd4 Rc8 37. c5 Rf8 38. Ne2 Bxg2 39. Nxg2 Rxe2 40. Nf4 Re7 41. Nxd5 Ref7 42. Kc4 g5 43. b4 h6 44. b5 axb5+ 45. Kxb5 Kg6 46. Nb4 Rf6 47. c6 bxc6+ 48. Nxc6 Ra8 49. Rc4 Rf5+ 50. Kb6 Rf6 51. Kb5 h5 52. a6 g4 0-1


[Site "https://www.chess.com"]

[Event "Titled Tuesday Blitz December 13 Late 2022"]
[White "Kanakaris, Georgios"]
[Black "Barbot, Pierre"]
[WhiteFideId "4209460"]
[BlackFideId "663727"]
[WhiteElo "2291"]
[BlackElo "2439"]
[Result "1-0"]
[Round "02"]
[TimeControl "180+1"]
[Date "2022.12.14"]
[WhiteClock "0:00:17"]
[BlackClock "0:00:03"]

1. e4 c5 2. Nf3 Nc6 3. Bb5 g6 4. O-O Bg7 5. c3 Nf6 6. Qe2 O-O 7. h3 Qc7 8. d4 d5 9. exd5 Nxd5 10. dxc5 a6 11. Bc4 Nf4 12. Bxf4 Qxf4 13. Nbd2 Bf5 14. Nb3 Rad8 15. Rad1 e5 16. Rxd8 Rxd8 17. g3 Qh6 18. g4 Bc8 19. Qe3 Qxh3 20. Bxf7+ Kh8 21. Nh2 Qh4 22. Qg3 Qf6 23. Bc4 e4 24. Be2 Qg5 25. Qe3 Qh4 26. Qg3 Qe7 27. Rd1 Be5 28. Rxd8+ Qxd8 29. Qe3 Qh4 30. Nf1 Bxg4 31. Qxe4 h5 32. f3 Bf5 33. Qxh4 1-0


[Site "https://www.chess.com"]

[Event "Titled Tuesday Blitz December 13 Late 2022"]
[White "Kaplan, Avi Harrison"]
[Black "De Souza, Cristiano Gomes"]
[WhiteFideId "30934559"]
[BlackFideId "2151758"]
[WhiteElo "1983"]
[BlackElo "2068"]
[Result "1-0"]
[Round "02"]
[TimeControl "180+1"]
[Date "2022.12.14"]
[WhiteClock "0:00:13"]
[BlackClock "0:00:45"]

1. Nf3 Nf6 2. c4 g6 3. b3 Bg7 4. Bb2 O-O 5. g3 d6 6. Bg2 c5 7. O-O Nc6 8. d4 cxd4 9. Nxd4 Bd7 10. e4 Qc8 11. Nc3 Bh3 12. Nd5 Nxd5 13. exd5 Ne5 14. f4 Bxg2 15. Kxg2 Ng4 16. Qe2 Re8 17. h3 Nh6 18. f5 Be5 19. fxg6 hxg6 20. Rae1 a6 21. Ne6 Bxb2 22. Qxb2 fxe6 23. Rxe6 Kh7 24. Qc2 Rg8 25. h4 Rg7 26. h5 Qg8 27. hxg6+ Rxg6 28. Rxe7+ Kh8 29. Qc3+ Rg7 30. Rh1 Kh7 31. Qd3+ 1-0


[Site "https://www.chess.com"]

[Event "Titled Tuesday Blitz December 13 Late 2022"]
[White "Kazakouski, Valery"]
[Black "Droin, Augustin"]
[WhiteFideId "13507443"]
[BlackFideId "45105987"]
[WhiteElo "2787"]
[BlackElo "2532"]
[Result "0-1"]
[Round "02"]
[TimeControl "180+1"]
[Date "2022.12.14"]
[WhiteClock "0:00:10"]
[BlackClock "0:00:11"]

1. Nf3 Nf6 2. c4 e6 3. g3 d5 4. b3 d4 5. e3 c5 6. exd4 cxd4 7. Bg2 Nc6 8. O-O Bc5 9. Re1 O-O 10. d3 a5 11. Na3 Re8 12. Nb5 e5 13. Bg5 Rb8 14. Nd2 Be7 15. a3 Bf5 16. Qc2 Qd7 17. Rab1 h6 18. Bxf6 Bxf6 19. c5 Be7 20. Ne4 Bg6 21. Ned6 Red8 22. b4 axb4 23. axb4 b6 24. Qc4 Bf8 25. Bxc6 Qxc6 26. Rxe5 bxc5 27. Rxc5 Qf3 28. Ne4 Bxe4 29. dxe4 Bxc5 30. bxc5 d3 31. Qc3 Qxe4 32. Re1 d2 33. Rxe4 d1=Q+ 34. Re1 Qd5 35. Nd6 Rb3 36. Qc2 Rf3 37. Qe2 Rf6 38. Qc2 Rfxd6 39. cxd6 Qxd6 40. h4 g6 41. h5 Kg7 42. hxg6 Qxg6 43. Qc3+ Qf6 44. Qe3 Rd5 45. Qe4 Rf5 46. Re2 Rg5 47. Kg2 h5 48. Re3 h4 49. Qxh4 Qc6+ 50. Rf3 Rg6 51. Qd4+ Kg8 52. Qd8+ Kg7 53. Qd4+ Kg8 54. Qf4 Qe6 0-1


[Site "https://www.chess.com"]

[Event "Titled Tuesday Blitz December 13 Late 2022"]
[White "Keymer, Vincent"]
[Black "Ehlvest, Jaan"]
[WhiteFideId "12940690"]
[BlackFideId "4500016"]
[WhiteElo "2600"]
[BlackElo "2430"]
[Result "1-0"]
[Round "02"]
[TimeControl "180+1"]
[Date "2022.12.13"]
[WhiteClock "0:00:47"]
[BlackClock "0:00:49"]

1. Nf3 d6 2. d4 Nf6 3. c4 Nbd7 4. Nc3 g6 5. g3 Bg7 6. Bg2 O-O 7. O-O e5 8. e4 c6 9. h3 Qb6 10. Re1 Re8 11. d5 cxd5 12. cxd5 a6 13. Rb1 Rf8 14. Be3 Qd8 15. Nd2 Ne8 16. Rc1 f5 17. exf5 gxf5 18. f4 Kh8 19. Nf3 h6 20. Nh4 Qf6 21. Qh5 Qf7 22. Bf3 Qxh5 23. Bxh5 Kg8 24. Bxe8 Rxe8 25. Nxf5 Bf8 26. g4 b5 27. Ne4 Bb7 28. Nexd6 1-0


[Site "https://www.chess.com"]

[Event "Titled Tuesday Blitz December 13 Late 2022"]
[White "Khandelwal, Ankush"]
[Black "Sanchez, Robert"]
[WhiteFideId "413470"]
[BlackFideId "2034360"]
[WhiteElo "2271"]
[BlackElo "2349"]
[Result "0-1"]
[Round "02"]
[TimeControl "180+1"]
[Date "2022.12.14"]
[WhiteClock "0:00:23"]
[BlackClock "0:01:14"]

1. e4 d5 2. exd5 Qxd5 3. Nc3 Qe6+ 4. Nge2 Nf6 5. d4 g6 6. d5 Qd7 7. Bg5 Bg7 8. Qd2 O-O 9. O-O-O a6 10. Bh6 b5 11. Bxg7 Kxg7 12. f3 c5 13. Ne4 Nxe4 14. fxe4 Kg8 15. h4 h5 16. Qh6 Qd6 17. Nf4 Qf6 18. d6 Bg4 19. dxe7 Qxe7 20. Rd5 Nc6 21. Rg5 Qxe4 22. Rd5 Qe1+ 0-1


[Site "https://www.chess.com"]

[Event "Titled Tuesday Blitz December 13 Late 2022"]
[White "Kim, Sergey"]
[Black "Suleymanli, Aydin"]
[WhiteFideId "13700570"]
[BlackFideId "13413937"]
[WhiteElo "2594"]
[BlackElo "2481"]
[Result "1-0"]
[Round "02"]
[TimeControl "180+1"]
[Date "2022.12.13"]
[WhiteClock "0:00:05"]
[BlackClock "0:00:01"]

1. d4 g6 2. c4 Bg7 3. Nc3 d6 4. e4 Nc6 5. Nge2 e5 6. Be3 Nf6 7. f3 O-O 8. d5 Ne7 9. Ng3 h5 10. h4 Kh8 11. Qd2 c5 12. Be2 a6 13. a4 b6 14. Nf1 Bd7 15. g4 hxg4 16. fxg4 Bxg4 17. Bxg4 Nxg4 18. h5 Kg8 19. h6 Bf6 20. h7+ Kh8 21. Bg5 Bxg5 22. Qxg5 f5 23. Nd2 Qd7 24. Rh4 Nf6 25. O-O-O Rf7 26. Rdh1 f4 27. Nf3 b5 28. Qg2 Nh5 29. Ng5 Rg7 30. Ne6 b4 31. Nd1 Rf7 32. Nf2 f3 33. Qg4 Qxa4 34. Ng5 Rf6 35. Qg1 b3 36. Kd2 Qb4+ 37. Kd3 Nf4+ 38. Rxf4 Rxf4 39. Nfh3 f2 40. Qg2 Raf8 41. Nxf4 Rxf4 42. Rf1 1-0


[Site "https://www.chess.com"]

[Event "Titled Tuesday Blitz December 13 Late 2022"]
[White "Korchmar, Vasiliy"]
[Black "Horcajuelo Rocamora, Martin"]
[WhiteFideId "24131750"]
[BlackFideId "24573027"]
[WhiteElo "2370"]
[BlackElo "2094"]
[Result "1-0"]
[Round "02"]
[TimeControl "180+1"]
[Date "2022.12.14"]
[WhiteClock "0:00:17"]
[BlackClock "0:00:23"]

1. e4 c5 2. Nf3 e6 3. d4 cxd4 4. Nxd4 Nf6 5. Nc3 Nc6 6. Be2 Bb4 7. O-O O-O 8. Nxc6 dxc6 9. e5 Nd7 10. Bf4 Bxc3 11. bxc3 Qa5 12. Qd4 c5 13. Qe3 b6 14. Bd3 Ba6 15. c4 Rae8 16. Qh3 f5 17. exf6 Nxf6 18. Be5 g6 19. Qh4 Nd7 20. Bb2 e5 21. a4 Bb7 22. f3 Qd2 23. Rad1 Qe3+ 24. Kh1 Nf6 25. Bc1 Qd4 26. Be4 Nxe4 27. Rxd4 exd4 28. Bh6 Rf7 29. Re1 Bc6 30. h3 Nf6 31. Rxe8+ Nxe8 32. Qd8 Bxa4 33. Qb8 Re7 34. Bg5 Re1+ 35. Kh2 Bxc2 36. Qxa7 Bf5 37. Qxb6 d3 38. Qxc5 Kf7 39. Qd5+ Re6 40. c5 h6 41. Bh4 g5 42. Qxf5+ Rf6 43. Qd5+ Kg6 44. Be1 Nc7 45. Qxd3+ Kf7 46. Bc3 Re6 47. Qd7+ Re7 48. Qd6 Ke8 49. Qxh6 Kd7 50. Qxg5 Ne6 51. Qd5+ Kc7 52. Be5+ Kc8 53. Qc6+ Nc7 54. Bxc7 Rxc7 55. Qxc7+ Kxc7 56. h4 Kc6 57. h5 Kxc5 58. h6 Kc6 59. h7 1-0


[Site "https://www.chess.com"]

[Event "Titled Tuesday Blitz December 13 Late 2022"]
[White "Koutlas, Nikolaos"]
[Black "Vasquez Schroeder, Rodrigo"]
[WhiteFideId "25827138"]
[BlackFideId "3400042"]
[WhiteElo "2538"]
[BlackElo "2808"]
[Result "0-1"]
[Round "02"]
[TimeControl "180+1"]
[Date "2022.12.14"]
[WhiteClock "0:00:18"]
[BlackClock "0:01:13"]

1. a3 Nf6 2. c4 c5 3. Nf3 e6 4. g3 b6 5. Bg2 Bb7 6. O-O Be7 7. Nc3 a6 8. Rb1 d6 9. b4 Nbd7 10. bxc5 Nxc5 11. d3 Rb8 12. Bf4 O-O 13. h3 Qc7 14. g4 Rfd8 15. Na4 Ncd7 16. Qd2 Bc6 17. Nc3 Nc5 18. Rfc1 h6 19. g5 hxg5 20. Bxg5 Ba8 21. Qf4 Ncd7 22. Qh4 Nf8 23. Qg3 Ng6 24. h4 Nh5 25. Qg4 Bxg5 26. Nxg5 Nf6 27. Qg3 Bxg2 28. Kxg2 Qe7 29. Rh1 Nh5 30. Qg4 Ngf4+ 31. Kf1 f6 32. e3 fxg5 33. hxg5 g6 34. exf4 Rf8 35. Ne4 Rxf4 36. Nf6+ Qxf6 37. Qg2 Qf5 38. Ke2 Rf8 39. Rhf1 Rf3 40. Rb3 Nf4+ 41. Kxf3 Nxg2+ 42. Kxg2 Qg4+ 0-1


[Site "https://www.chess.com"]

[Event "Titled Tuesday Blitz December 13 Late 2022"]
[White "Kovacevic, Radmila"]
[Black "Blanco Acevedo, Cristobal Jose"]
[WhiteFideId "933171"]
[BlackFideId "3900525"]
[WhiteElo "2244"]
[BlackElo "2273"]
[Result "0-1"]
[Round "02"]
[TimeControl "180+1"]
[Date "2022.12.14"]
[WhiteClock "0:00:06"]
[BlackClock "0:00:06"]

1. e4 c5 2. Be2 Nc6 3. f4 g6 4. Nf3 Bg7 5. O-O e6 6. c3 d5 7. d3 Nge7 8. Qe1 b6 9. Qh4 d4 10. c4 Nb4 11. Na3 Nec6 12. Qh3 f5 13. e5 a6 14. Bd2 Bb7 15. Ng5 Qe7 16. Bf3 O-O-O 17. Bxb4 cxb4 18. Nc2 h6 19. Bxc6 Bxc6 20. Nf3 Qc5 21. Qg3 g5 22. a3 b3 23. Nb4 Bb7 24. fxg5 hxg5 25. Nxg5 Bxe5 26. Rf4 Rhg8 27. Re1 a5 28. Nd5 Bxf4 29. Nxf4 e5 30. Nfe6 Qc6 31. Rxe5 Rde8 32. Qf2 Qxg2+ 33. Qxg2 Bxg2 34. h4 Bc6 35. Kf2 Bd7 36. Re2 Bxe6 37. Nxe6 Rh8 38. Nxd4 Rxe2+ 39. Kxe2 Rxh4 40. Nxb3 Kd7 41. Ke3 a4 42. Nd4 Rh2 43. b3 axb3 44. Nxb3 Ke6 45. Nd4+ Kf6 46. Nb5 Ra2 47. d4 Kg5 48. d5 f4+ 49. Kf3 Rd2 50. d6 Rd3+ 51. Ke4 Rd1 52. Nd4 Kf6 53. d7 Ke7 54. d8=Q+ Kxd8 55. Nc6+ Kc7 56. Ne5 Kd6 57. Kxf4 Rd4+ 58. Ke3 Kxe5 59. c5 bxc5 60. a4 Rxa4 0-1


[Site "https://www.chess.com"]

[Event "Titled Tuesday Blitz December 13 Late 2022"]
[White "Krishnan, Varun"]
[Black "Boruchovsky, Avital"]
[WhiteFideId "5054508"]
[BlackFideId "2800055"]
[WhiteElo "2547"]
[BlackElo "2818"]
[Result "1/2-1/2"]
[Round "02"]
[TimeControl "180+1"]
[Date "2022.12.14"]
[WhiteClock "0:00:19"]
[BlackClock "0:00:04"]

1. e4 c5 2. Nf3 b6 3. d4 cxd4 4. Nxd4 Bb7 5. Nc3 Nc6 6. Be3 Nf6 7. f3 e6 8. Ndb5 d6 9. Qd2 a6 10. Nd4 b5 11. g4 Be7 12. h4 Nd7 13. g5 Nde5 14. O-O-O b4 15. Nce2 Qa5 16. Kb1 Nc4 17. Qd3 N6e5 18. Qb3 Nxe3 19. Qxe3 Nc4 20. Qb3 Rc8 21. Nf4 Ne5 22. Bh3 Qc7 23. Nfxe6 fxe6 24. Bxe6 Rf8 25. Nf5 Bc6 26. Nxg7+ Kd8 27. Bxc8 Kxc8 28. Ne6 Rxf3 29. Nxc7 Rxb3 30. axb3 Kxc7 31. Rde1 Nf3 32. Re2 Bxe4 33. Rf1 Bd8 34. Kc1 d5 35. c4 Nxh4 36. cxd5 Bxg5+ 37. Kd1 Bf3 38. Rxf3 Nxf3 39. Re6 a5 40. Ra6 h5 41. Ke2 Nd4+ 42. Kd3 Nxb3 43. Kc4 Nd2+ 44. Kb5 h4 45. Rg6 Bf4 46. Kxa5 h3 47. Kxb4 h2 48. Rg7+ Kd6 49. Rh7 Ne4 50. Kc4 Nf6 51. Rh3 Ng4 52. Kd4 Nf2 53. Rh7 h1=Q 54. Rxh1 Nxh1 55. Ke4 Be5 56. b4 Ng3+ 57. Kd3 Kxd5 58. b5 Nf5 59. b6 Nd6 60. b7 Nxb7 61. Ke3 Nc5 62. Kd2 Kd4 63. Kc2 Ne4 64. Kd1 Kd3 65. Ke1 Bg3+ 66. Kf1 Ke3 67. Kg2 Kf4 68. Kf1 Kf3 69. Kg1 Bf2+ 70. Kh2 Be3 71. Kh1 Bg5 72. Kh2 Bh4 73. Kh1 Be1 74. Kh2 Bg3+ 75. Kh1 Nf2+ 76. Kg1 Ng4 77. Kf1 Bh2 78. Ke1 Bf4 79. Kf1 Be3 80. Ke1 Nf2 81. Kf1 Ne4 82. Ke1 Nd2 83. Kd1 Nc4 84. Kc2 Ke4 85. Kd1 Kd3 86. Ke1 Nd2 87. Kd1 Bf2 88. Kc1 Nc4 89. Kd1 Nb2+ 90. Kc1 Kc3 91. Kb1 Be3 92. Ka2 Nc4 93. Kb1 Bd2 94. Ka2 Kc2 95. Ka1 Bc3+ 96. Ka2 Bb4 97. Ka1 Nd2 98. Ka2 Nb1 99. Ka1 Na3 100. Ka2 Nb5 101. Ka1 Be7 102. Ka2 Nc3+ 103. Ka1 Na4 104. Ka2 Bg5 105. Ka3 Nc3 106. Kb4 Be3 107. Kc4 Kd2 108. Kb4 Kd3 109. Ka5 Kc4 110. Ka6 Nd5 1/2-1/2


[Site "https://www.chess.com"]

[Event "Titled Tuesday Blitz December 13 Late 2022"]
[White "Ladan, Nicholas"]
[Black "Abasov, Nijat"]
[WhiteFideId "30918855"]
[BlackFideId "13402960"]
[WhiteElo "2167"]
[BlackElo "2546"]
[Result "0-1"]
[Round "02"]
[TimeControl "180+1"]
[Date "2022.12.14"]
[WhiteClock "0:01:24"]
[BlackClock "0:02:16"]

1. d4 Nf6 2. Bf4 d5 3. e3 c5 4. Nf3 Qb6 5. Nc3 a6 6. Na4 Qa5+ 7. c3 c4 8. b4 Qd8 9. Nb2 e6 10. a4 Be7 11. Be2 Nh5 12. Be5 Nc6 13. O-O O-O 14. Re1 Nf6 15. Qb1 Ne4 16. Qc2 f5 17. h3 Bd7 18. Bh2 Be8 19. Nd2 Nxc3 20. Qxc3 Bxb4 21. Qc2 c3 22. Nb3 cxb2 0-1


[Site "https://www.chess.com"]